Map: Waterfall

Players

Woah

  • Race: Zerg Zerg
  • League: Grandmaster
  • Spawn Location: 1:00

Scarlett - Winner!

  • Race: Protoss Protoss
  • Spawn Location: 7:00

VOD

Have the link to the VOD?

Description

Time

  • Played on: Jan. 2, 2023, 3:21 a.m.
  • Length: 4:55
Show
View Real Time Build Order
Export as new Build Order

Woah Zerg 

Build Orders: Hatch First 

Get SALT Encoding   

  12  0:00  Drone  
  13  0:12  Overlord  
  13  0:17  Drone  
  14  0:30  Drone x2  
  16  0:44  Drone  
  17  0:52  Hatchery  
  17  0:54  Drone  
  17  0:58  Drone  
  18  1:09  Extractor  
  17  1:14  Spawning Pool  
  16  1:18  Drone  
  16  1:20  Drone  
  18  1:27  Drone  
  19  1:38  Drone  
  20  1:48  Overlord  
  20  2:00  Queen  
  22  2:03  Queen  
  22  2:04  Zergling x4  
  26  2:10  Drone  
  26  2:13  Metabolic Boost  
  26  2:15  Drone  
  28  2:20  Drone  
  30  2:30  Drone  
  30  2:32  Drone  
  31  2:42  Hatchery  
  30  2:47  Queen  
  30  2:51  Overlord  
  32  3:02  Zergling x2  
  32  3:03  Zergling x4  
  34  3:14  Zergling x2  
  34  3:15  Zergling x2  
  34  3:16  Queen  
  34  3:17  Drone x3  
  40  3:23  Drone x2  
  41  3:27  Drone  
  41  3:28  Drone  
  41  3:33  Overlord  
  43  3:36  Overlord  
  43  3:50  Queen  
  43  3:52  Queen  
  43  3:54  Drone x2  
  49  3:56  Drone  
  49  3:58  Drone  
  51  4:04  Drone x2  
  51  4:05  Drone  
  54  4:13  Drone x2  
  54  4:14  Roach Warren  
  54  4:16  Zergling x2  
  56  4:18  Overlord  
  56  4:22  Zergling x4  
  58  4:25  Zergling x2  
  59  4:32  Zergling x10  
  59  4:35  Zergling x2  
Show
View Real Time Build Order
Export as new Build Order

Scarlett Protoss - Winner!

Build Orders: 1 Gate Expand, Mass Adepts 

Get SALT Encoding   

  12  0:00  Probe  
  13  0:12  Probe  
  14  0:17  Pylon  
  14  0:24  Probe (Chrono Boost)  
  15  0:36  Probe (Chrono Boost)  
  16  0:43  Gateway  
  16  0:45  Probe (Chrono Boost)  
  17  0:51  Assimilator, Probe  
  18  1:03  Probe  
  19  1:15  Probe  
  20  1:24  Nexus  
  20  1:34  Cybernetics Core  
  20  1:37  Probe  
  21  1:42  Assimilator  
  21  1:49  Probe  
  21  1:51  Pylon  
  23  2:01  Probe  
  23  2:08  Adept (Chrono Boost)  
  23  2:11  Warp Gate  
  23  2:13  Probe (Chrono Boost)  
  26  2:18  Twilight Council  
  26  2:25  Probe (Chrono Boost)  
  27  2:30  Adept (Chrono Boost)  
  27  2:34  Probe (Chrono Boost)  
  31  2:37  Probe (Chrono Boost)  
  31  2:39  Probe  
  32  2:45  Robotics Facility  
  32  2:48  Probe  
  33  2:51  Adept (Chrono Boost)  
  33  2:56  Probe  
  36  3:04  Resonating Glaives (Chrono Boost)  
  36  3:08  Gateway  
  36  3:11  Probe x2  
  38  3:24  Gateway x2  
  38  3:28  Adept  
  38  3:32  Probe  
  42  3:37  Warp Prism (Chrono Boost)  
  43  3:44  Pylon  
  43  3:49  Probe x2  
  43  3:52  Pylon  
  45  4:02  Adept  
  47  4:06  Adept  
  47  4:08  Pylon  
  49  4:12  Probe x2  
  51  4:25  Adept x2  
  51  4:26  Adept x2  
  59  4:31  Gateway  
  59  4:32  Gateway  
  59  4:33  Probe x2  
  61  4:46  Adept x4  
  61  4:51  Pylon  
Tags
 
Add a new tag
Caveats
  • Supply blocks, unpowered buildings, or Contaminate may cause inaccurate times.
  • Supply counts are checked every 10 seconds.